 Dungeon Crawl Stone Soup version 0.26.1-2-gb8aa6d0 (webtiles) character file.

Game seed: 1594463577627691780

20517 GeorgeSoros the Martial Artist (level 12, -15/82 HPs)
             Began as a Gnoll Wanderer on Feb 19, 2021.
             Was a High Priest of Hepliaklqana.
             Demolished by a yak (16 damage)
             ... led by a torpor snail
             ... on level 4 of the Lair of Beasts.
             The game lasted 00:42:09 (15710 turns).

GeorgeSoros the Martial Artist (Gnoll Wanderer)    Turns: 15710, Time: 00:42:10

Health: -15/82     AC:  0    Str: 16    XL:     12   Next: 80%
Magic:  23/23      EV: 22    Int: 15    God:    Hepliaklqana [*****.]
Gold:   765        SH:  0    Dex: 18    Spells: 26/26 levels left

rFire    . . .     SeeInvis .     - Unarmed
rCold    . . .     Faith    +   (shield currently unavailable)
rNeg     . . .     Spirit   .   (armour currently unavailable)
rPois    .         Reflect  .   (helmet currently unavailable)
rElec    .         Harm     .   (cloak currently unavailable)
rCorr    .         Rampage  .   (gloves currently unavailable)
Will     .....                  (boots currently unavailable)
Stlth    ++++......             o - amulet of faith
HPRegen  0.23/turn              (ring currently unavailable)
MPRegen  0.18/turn              (ring currently unavailable)

@: about to teleport, pig-form, slowed
A: small, distributed training, reduced essence, strong nose
a: Renounce Religion, Recall Ancestor, Ancestor Identity, Transference, Idealise


You were on level 4 of the Lair of Beasts.
You worshipped Hepliaklqana.
Hepliaklqana was extremely pleased with you.
You were a filthy swine.
You visited 3 branches of the dungeon, and saw 14 of its levels.

You collected 765 gold pieces.

Inventory:

Hand Weapons
 s - a +3 mace of holy wrath (melded)
Missiles
 x - 5 javelins
 F - a throwing net
Armour
 e - the +4 tower shield of Spite (melded) {Str+5}
   (You found it on level 4 of the Dungeon)

   It affects your strength (+5).
 g - +1 acid dragon scales (melded)
 i - a +0 chain mail
 l - a scarf of invisibility (melded)
 p - a +2 pair of gloves (melded)
 v - a +1 hat (melded)
 E - a +0 pair of boots (melded)
Jewellery
 d - the ring of Ajutoos (melded) {Wiz rPois rC- Int+2 Dex+5}
   (You found it on level 5 of the Dungeon)

   [ring of wizardry]

   It improves your spell success rate.
   It affects your intelligence (+2).
   It affects your dexterity (+5).
   It makes you vulnerable to cold.
   It protects you from poison.
 f - an uncursed ring of protection from fire
 o - an amulet of faith (around neck)
 q - an uncursed ring of willpower
 y - a ring of positive energy (melded)
Wands
 t - a wand of disintegration (17)
 w - a wand of polymorph (17)
 B - a wand of flame (58)
 C - a wand of acid (4)
 I - a wand of enslavement (6)
 J - a wand of paralysis (9)
Scrolls
 a - 4 scrolls of fog
 h - a scroll of magic mapping
 m - 6 scrolls of remove curse
 G - a scroll of enchant weapon
 K - a scroll of identify
Potions
 b - 4 potions of lignification
 c - 8 potions of curing
 j - 2 potions of flight
 k - a potion of magic
 n - a potion of mutation
 u - 2 potions of might
 z - 2 potions of haste
 D - 2 potions of brilliance
 H - a potion of attraction


   Skills:
 + Level 8.1 Fighting
 + Level 9.0 Short Blades
 + Level 7.6 Long Blades
 + Level 7.6 Axes
 + Level 7.6 Maces & Flails
 + Level 7.6 Polearms
 + Level 7.6 Staves
 + Level 7.6 Slings
 + Level 7.6 Bows
 + Level 7.6 Crossbows
 + Level 7.6 Throwing
 + Level 7.6 Armour
 + Level 9.0 Dodging
 + Level 8.8 Stealth
 + Level 8.1 Shields
 + Level 9.0 Unarmed Combat
 + Level 7.6 Spellcasting
 + Level 6.3 Conjurations
 + Level 6.3 Hexes
 + Level 6.3 Summonings
 + Level 6.3 Necromancy
 + Level 6.3 Translocations
 + Level 6.3 Transmutations
 + Level 6.3 Fire Magic
 + Level 6.3 Ice Magic
 + Level 6.3 Air Magic
 + Level 6.3 Earth Magic
 + Level 6.3 Poison Magic
 + Level 8.3 Invocations
 + Level 7.6 Evocations


You had 26 spell levels left.
You didn't know any spells.
Your spell library was empty.

Dungeon Overview and Level Annotations

Branches:
Dungeon (9/15)             Temple (1/1) D:4            Lair (4/6) D:9
 Shoals (0/4) Lair:4        Snake (0/4) Lair:3          Orc (0/2) D:9

Altars:
Ashenzari
Cheibriados
Dithmenos
Elyvilon
Fedhas
Gozag
Hepliaklqana
Kikubaaqudgha
Makhleb
Nemelex Xobeh
Okawaru
Qazlal
Ru
Sif Muna
Trog
Uskayaw
Vehumet
Wu Jian
Xom
Yredelemnul
Zin
The Shining One
Beogh

Shops:
D:5 (

Annotations:
D:5 3 runed translucent doors, 1 exclusion, Nagaphobic's ghost, novice GrMo
D:8 3 runed translucent doors, Nagaphobic's ghost, novice NaIE
Lair:4 Josephine; Kirke


Innate Abilities, Weirdness & Mutations

Your experience applies equally to all skills.
((You have very sharp teeth.))
Your uncanny sense of smell can sniff out nearby items.
Your life essence is reduced to manifest your ancestor. (-10% HP)


Message History

As you read the scroll of teleportation, it crumbles to dust.
You feel strangely unstable.
The centaur shoots an arrow.
The arrow completely misses you. The yak gores you.
* * * LOW HITPOINT WARNING * * *
Being near the torpor snail leaves you feeling lethargic.
The hog bites you!
* * * LOW HITPOINT WARNING * * *
Something hits you.
* * * LOW HITPOINT WARNING * * *
Really quaff the potion of lignification?
You are stuck in your current form!
Okay, then.
Okay, then.
Aiming: Enslavement
Press: ? - help, Shift-Dir - straight line, f - yak
Aim: a yak (heavily wounded, chance to affect: 67%)
The yak struggles to resist.
The hog bites you!
* * * LOW HITPOINT WARNING * * *
The yak gores you!
You die...

,,**#.#..........#.# *****,,,,
***,>...#.........## **,,,,,,,,
*,,,....##...(....# *,*,,,,,,,
,,,,⌠....##.....### **,,,,,,,,
,,**#.#....##...# *,,,,,,,,
,*##***#...#..(## *,,,,,,,,
,##.#####...#.Y## *,,,,,,,,
##....#.....###Y## *,,,,,,,,
.............k.Yh## **,,,,,,,
.⌠..<..⌠.....Y#{#h# *,,,,,,,
...†......÷...hw.### *****,,,,,,,
##....#.#...##.hc..###.,***,*,,,,
,#..#####...#....@.....,,,,,,,,,,
...#* *#...#.##..h....P,,*****,**
..#***#...#......####..,,,,******
..,,⌠.....#.P.....*,,,.,,<,,**,**
#.,,....#....#.....,,,,,,,,,,,,*


You could see a torpor snail, a lindwurm (summoned), 4 yaks and 3 hogs.

Vanquished Creatures
  Gastronok (D:8)
  4 hydras
  Maurice (D:9)
  2 black mambas
  An elephant (D:9)
  A guardian serpent (Lair:3)
  3 cane toads
  Maggie (D:6)
  A rime drake (Lair:2)
  A polar bear (Lair:3)
  13 blink frogs
  A basilisk (D:9)
  2 hogs (Lair:4)
  2 wyverns
  4 yaks (Lair:1)
  Grum (D:9)
  7 water moccasins
  An orc warrior (D:9)
  3 black bears
  A sky beast (D:6)
  2 ogres (D:4)
  A centaur (Lair:4)
  3 wolves
  7 bullfrogs
  A water moccasin skeleton (D:8)
  A scorpion (D:8)
  2 howler monkeys (D:5)
  A quasit (D:8)
  A jelly (D:8)
  5 orc priests
  3 hounds
  6 orc wizards
  2 bullfrog skeletons
  An iguana (D:4)
  4 worker ants
  A killer bee zombie (D:8)
  A hound skeleton (D:5)
  6 adders
  2 shadow imps (D:6)
  3 ufetubi
  An ooze (D:1)
  2 adder skeletons (D:9)
  An adder zombie (D:8)
  A worm (D:3)
  3 dart slugs
  5 leopard geckos
  29 orcs
  7 giant cockroaches
  12 goblins
  12 hobgoblins
  12 jackals
  10 kobolds
  4 quokkas
  2 ball pythons
  4 bats
  2 frilled lizards
  A jackal skeleton (D:4)
  3 rats
215 creatures vanquished.

Vanquished Creatures (collateral kills)
  A hydra (Lair:3)
  A two-headed ogre (D:9)
  Nergalle (Lair:3)
  A black mamba (Lair:4)
  2 cane toads
  A komodo dragon (Lair:2)
  4 blink frogs
  A wyvern (D:9)
  5 yaks (Lair:1)
  3 water moccasins
  An orc warrior (D:9)
  2 sky beasts
  A black bear (Lair:4)
  3 ogres
  A centaur (D:6)
  2 wolves (D:9)
  Blork the orc (D:5)
  4 bullfrogs
  A scorpion (D:5)
  3 howler monkeys (D:9)
  A centaur zombie (D:5)
  2 jellies (D:9)
  An iguana (D:7)
  2 orc wizards
  3 worker ants
  A white imp (D:5)
  A dart slug (D:4)
  2 leopard geckos
  10 orcs
  A quokka (D:7)
63 creatures vanquished.

Vanquished Creatures (others)
  6 hexers
  23 fungi
  42 plants
71 creatures vanquished.

Grand Total: 349 creatures vanquished

Notes
Turn   | Place    | Note
-------+----------+-------------------------------------------
     0 | D:1      | GeorgeSoros the Gnoll Wanderer began the quest for the Orb.
     0 | D:1      | GeorgeSoros set off with the following items: a +2 short
                  | sword, a potion of lignification, a potion of curing, a +0
                  | robe, a +0 dagger
     0 | D:1      | Reached XP level 1. HP: 17/17 MP: 1/1
   403 | D:1      | Reached XP level 2. HP: 23/23 MP: 2/2
   731 | D:1      | Reached XP level 3. HP: 28/28 MP: 3/3
   876 | D:1      | Reached skill level 1 in Invocations
  1823 | D:2      | Reached skill level 1 in Long Blades
  1823 | D:2      | Reached skill level 1 in Axes
  1823 | D:2      | Reached skill level 1 in Maces & Flails
  1823 | D:2      | Reached skill level 1 in Polearms
  1823 | D:2      | Reached skill level 1 in Staves
  1823 | D:2      | Reached skill level 1 in Slings
  1823 | D:2      | Reached skill level 1 in Bows
  1823 | D:2      | Reached skill level 1 in Crossbows
  1823 | D:2      | Reached skill level 1 in Throwing
  1823 | D:2      | Reached skill level 1 in Armour
  1823 | D:2      | Reached skill level 1 in Spellcasting
  1823 | D:2      | Reached skill level 1 in Evocations
  2180 | D:3      | Reached XP level 4. HP: 31/34 MP: 5/5
  2206 | D:3      | Reached skill level 1 in Conjurations
  2206 | D:3      | Reached skill level 1 in Hexes
  2206 | D:3      | Reached skill level 1 in Summonings
  2206 | D:3      | Reached skill level 1 in Necromancy
  2206 | D:3      | Reached skill level 1 in Translocations
  2206 | D:3      | Reached skill level 1 in Transmutations
  2206 | D:3      | Reached skill level 1 in Fire Magic
  2206 | D:3      | Reached skill level 1 in Ice Magic
  2206 | D:3      | Reached skill level 1 in Air Magic
  2206 | D:3      | Reached skill level 1 in Earth Magic
  2206 | D:3      | Reached skill level 1 in Poison Magic
  2206 | D:3      | Reached XP level 5. HP: 29/40 MP: 6/6
  2744 | D:3      | Found a snail-covered altar of Cheibriados.
  2939 | D:3      | Found an opulent altar of Gozag.
  3456 | D:4      | Noticed an ogre
  3469 | D:4      | Reached XP level 6. HP: 42/47 MP: 8/8
  3479 | D:4      | HP: 2/47 [poisoned by a worker ant]
  3864 | D:4      | Reached skill level 5 in Short Blades
  3864 | D:4      | Reached skill level 5 in Dodging
  3864 | D:4      | Reached skill level 5 in Unarmed Combat
  4319 | D:4      | Reached XP level 7. HP: 52/52 MP: 10/10
  4344 | D:4      | Found a staircase to the Ecumenical Temple.
  4347 | D:4      | Got a masterwork tower shield
  4353 | D:4      | Identified the +4 tower shield of Spite {Str+5} (You found
                  | it on level 4 of the Dungeon)
  4360 | Temple   | Entered the Ecumenical Temple
  4372 | Temple   | Became a worshipper of Hepliaklqana the Forgotten
  4646 | D:5      | Entered Level 5 of the Dungeon
  4660 | D:5      | Reached skill level 5 in Stealth
  4958 | D:5      | Found Gublek's Antique Weapon Shoppe.
  5053 | D:5      | Found a sparkling altar of Nemelex Xobeh.
  5062 | D:5      | Reached * piety under Hepliaklqana
  5321 | D:5      | Noticed Blork the orc
  5330 | D:5      | Killed Blork the orc
  5331 | D:5      | Reached XP level 8. HP: 50/54 MP: 12/12
  5334 | D:5      | Got a coiled jade ring
  5335 | D:5      | Identified the ring of Ajutoos {Wiz rPois rC- Int+2 Dex+5}
                  | (You found it on level 5 of the Dungeon)
  5368 | D:5      | Found a runed translucent gate.
  5368 | D:5      | Identified the +1 leather armour of the Eternal Fruit
                  | {rPois Regen+ rCorr Int+9}
  5374 | D:5      | Found a runed translucent gate.
  5375 | D:5      | Found a runed translucent gate.
  5375 | D:5      | Noticed Nagaphobic's ghost (novice GrMo)
  5821 | D:5      | Found a roughly hewn altar of Beogh.
  6117 | D:6      | Noticed Maggie
  6131 | D:6      | Killed Maggie
  6306 | D:6      | Reached XP level 9. HP: 59/59 MP: 14/14
  6373 | D:6      | Reached ** piety under Hepliaklqana
  6374 | D:6      | Remembered your ancestor Teicuih as a hexer
  6437 | D:6      | Found a sacrificial altar of Ru.
  7136 | D:7      | Found a glowing golden altar of the Shining One.
  7522 | D:8      | Noticed Gastronok
  7533 | D:8      | Reached *** piety under Hepliaklqana
  7554 | D:8      | Reached skill level 5 in Fighting
  7554 | D:8      | Reached skill level 5 in Shields
  7789 | D:8      | Found a runed translucent gate.
  7789 | D:8      | Found a runed translucent gate.
  7789 | D:8      | Found a runed translucent gate.
  7904 | D:8      | Found a blossoming altar of Fedhas.
  8082 | D:8      | Noticed Nagaphobic's ghost (novice NaIE)
  8249 | D:8      | Killed Gastronok
  8250 | D:8      | Reached skill level 5 in Long Blades
  8250 | D:8      | Reached skill level 5 in Axes
  8250 | D:8      | Reached skill level 5 in Maces & Flails
  8250 | D:8      | Reached skill level 5 in Polearms
  8250 | D:8      | Reached skill level 5 in Staves
  8250 | D:8      | Reached skill level 5 in Slings
  8250 | D:8      | Reached skill level 5 in Bows
  8250 | D:8      | Reached skill level 5 in Crossbows
  8250 | D:8      | Reached skill level 5 in Throwing
  8250 | D:8      | Reached skill level 5 in Armour
  8250 | D:8      | Reached skill level 5 in Spellcasting
  8250 | D:8      | Reached skill level 5 in Invocations
  8250 | D:8      | Reached skill level 5 in Evocations
  8250 | D:8      | Reached XP level 10. HP: 38/68 MP: 15/17
  8618 | D:9      | Noticed a two-headed ogre
  8628 | D:9      | Killed a two-headed ogre
  9188 | D:9      | Noticed Grum
  9222 | D:9      | Killed Grum
  9409 | D:9      | Noticed an elephant
  9735 | D:9      | Noticed Maurice
  9738 | D:9      | Killed Maurice
  9755 | D:9      | Found a staircase to the Orcish Mines.
  9910 | D:9      | Found a staircase to the Lair.
  9956 | D:9      | Reached XP level 11. HP: 57/74 MP: 19/19
 10094 | D:9      | Reached **** piety under Hepliaklqana
 10644 | Lair:1   | Entered Level 1 of the Lair of Beasts
 10666 | Lair:1   | Reached skill level 5 in Conjurations
 10666 | Lair:1   | Reached skill level 5 in Hexes
 10666 | Lair:1   | Reached skill level 5 in Summonings
 10666 | Lair:1   | Reached skill level 5 in Necromancy
 10666 | Lair:1   | Reached skill level 5 in Translocations
 10666 | Lair:1   | Reached skill level 5 in Transmutations
 10666 | Lair:1   | Reached skill level 5 in Fire Magic
 10666 | Lair:1   | Reached skill level 5 in Ice Magic
 10666 | Lair:1   | Reached skill level 5 in Air Magic
 10666 | Lair:1   | Reached skill level 5 in Earth Magic
 10666 | Lair:1   | Reached skill level 5 in Poison Magic
 11467 | Lair:1   | Noticed a four-headed hydra
 11479 | Lair:1   | Killed a four-headed hydra
 12423 | Lair:2   | Noticed a five-headed hydra
 12434 | Lair:2   | Killed a five-headed hydra
 13139 | Lair:2   | Reached XP level 12. HP: 27/81 MP: 22/22
 13408 | Lair:2   | Reached ***** piety under Hepliaklqana
 13449 | Lair:2   | Noticed a seven-headed hydra
 13456 | Lair:2   | Killed a seven-headed hydra
 14095 | Lair:3   | Found a burning altar of Makhleb.
 14239 | Lair:3   | Noticed Nergalle
 14251 | Lair:3   | Killed Nergalle
 14489 | Lair:3   | Found a staircase to the Snake Pit.
 14563 | Lair:3   | Noticed a seven-headed hydra
 14611 | Lair:3   | Killed a seven-headed hydra
 15292 | Lair:4   | Noticed a six-headed hydra
 15303 | Lair:4   | Killed a six-headed hydra
 15320 | Lair:4   | Noticed Kirke
 15326 | Lair:4   | Noticed Josephine
 15710 | Lair:4   | HP: 1/82 [hog[Kirke] (7)]
 15710 | Lair:4   | Demolished by a yak

Illustrated notes

Levels and vault maps discovered:
D:1:      dpeg_arrival_houses_and_road, layout_basic
D:2:      layout_basic
D:3:      layout_basic, old_standard_altar, kennysheep_slug_shrine
D:4:      corexii_shack_village, layout_basic, minmay_temple_entry_poolview,
          kennysheep_pointless_box, grunt_ministairs_8
D:5:      cheibrodos_two_vegetables, layout_basic, lemuel_doored_altar,
          biasface_ghost_orc_armoury, serial_shops, shop_statue,
          grunt_ministairs_10, chequers_avenue, uniq_blork_the_orc
D:6:      layout_basic, overflow_temple_1_default, uniq_maggie
D:7:      layout_basic, lemuel_crystal_altar
D:8:      layout_loops_ring, kennysheep_mini_moat, gammafunk_ghost_icy,
          uniq_gastronok
D:9:      layout_grid_maze, david_lair_generic, uniq_grum, uniq_maurice
Temple:   nicolae_temple_x_marks_the_god
Lair:1:   layout_cave_pods, infiniplex_staircase_pool, grunt_megastairs_2
Lair:2:   layout_long_grid
Lair:3:   layout_chaotic_city, minmay_snake_entry_spellcaster, basic_altar,
          serial_bayou_crossing, uniq_nergalle
Lair:4:   layout_cave_pods, minmay_shoals_entry_centaurs,
          portal_ice_cave_entry_ice_beasts, st_stairs_7, grunt_megastairs_5,
          uniq_kirke, uniq_josephine

Skill      XL: |  1  2  3  4  5  6  7  8  9 10 11 12 |
---------------+-------------------------------------+-----
Invocations    | 1 2 3 4 5 6 7 8 |  8.3
Long Blades    | 1 2 3 5 6 7 |  7.6
Axes           | 1 2 3 5 6 7 |  7.6
Maces & Flails | 1 2 3 5 6 7 |  7.6
Polearms       | 1 2 3 5 6 7 |  7.6
Staves         | 1 2 3 5 6 7 |  7.6
Slings         | 1 2 3 5 6 7 |  7.6
Bows           | 1 2 3 5 6 7 |  7.6
Crossbows      | 1 2 3 5 6 7 |  7.6
Throwing       | 1 2 3 5 6 7 |  7.6
Armour         | 1 2 3 5 6 7 |  7.6
Spellcasting   | 1 2 3 5 6 7 |  7.6
Evocations     | 1 2 3 5 6 7 |  7.6
Conjurations   | 1 2 3 4 5 6 |  6.3
Hexes          | 1 2 3 4 5 6 |  6.3
Summonings     | 1 2 3 4 5 6 |  6.3
Necromancy     | 1 2 3 4 5 6 |  6.3
Translocations | 1 2 3 4 5 6 |  6.3
Transmutations | 1 2 3 4 5 6 |  6.3
Fire Magic     | 1 2 3 4 5 6 |  6.3
Ice Magic      | 1 2 3 4 5 6 |  6.3
Air Magic      | 1 2 3 4 5 6 |  6.3
Earth Magic    | 1 2 3 4 5 6 |  6.3
Poison Magic   | 1 2 3 4 5 6 |  6.3
Fighting       | 3 4 5 6 7 8 |  8.1
Shields        | 3 4 5 6 7 8 |  8.1
Short Blades   | 5 6 7 8 9 |  9.0
Dodging        | 5 6 7 8 9 |  9.0
Unarmed Combat | 5 6 7 8 9 |  9.0
Stealth        | 5 6 7 8 |  8.8

Action                   |  1- 3 |  4- 6 |  7- 9 | 10-12 || total
-------------------------+-------+-------+-------+-------++-------
Melee: Short sword       |   118 |    94 |       |       ||   212
       Bite              |     8 |    19 |    46 |    94 ||   167
       Punch             |     1 |     4 |       |       ||     5
       Mace              |       |   119 |   254 |   506 ||   879
Throw: Javelin           |       |     5 |    12 |     3 ||    20
       Throwing net      |       |       |     1 |       ||     1
Invok: Recall Ancestor   |       |       |     1 |     2 ||     3
       Ancestor Identity |       |       |     1 |       ||     1
       Ancestor Life: He |       |       |     1 |       ||     1
       Transference      |       |       |       |     2 ||     2
Evoke: Wand              |       |       |       |    12 ||    12
  Use: Scroll            |     5 |     3 |     5 |    13 ||    26
       Potion            |       |       |       |     2 ||     2
 Stab: Sleeping          |     8 |       |    13 |    11 ||    32
       Distracted        |     1 |       |     4 |    17 ||    22
       Held in net/web   |       |       |     4 |       ||     4
       Confused          |       |       |     3 |    18 ||    21
Armor: Robe              |    10 |       |       |       ||    10
       Chain mail        |     2 |   117 |    40 |       ||   159
       Acid dragon scale |       |       |    20 |   137 ||   157
Dodge: Dodged            |    94 |    73 |    56 |   241 ||   464
Block: Tower shield      |       |       |   221 |   637 ||   858
